 Dungeon Crawl Stone Soup version 0.19-a0-526-gbe2e51c (webtiles) character file.

3405 ololoev the Thaumaturge (level 9, -5/45 HPs)
             Began as a Deep Elf Fire Elementalist on June 7, 2016.
             Was an Elder of Sif Muna.
             Engulfed by a cloud of flame (12 damage)
             ... on level 9 of the Dungeon.
             The game lasted 00:24:05 (2863 turns).

ololoev the Thaumaturge (DEFE)                      Turns: 2863, Time: 00:24:06

Health: -5/45      AC: 11    Str:  5    XL:     9   Next: 75%
Magic:  4/25       EV: 13    Int: 24    God:    Sif Muna [****..]
Gold:   230        SH:  0    Dex: 15    Spells: 5 memorised, 12 levels left

rFire  . . .     SeeInvis .     a - +0 flail (protect)
rCold  . . .     Gourm    .     s - +0 robe
rNeg   . . .     Faith    .     (no shield)
rPois  +         Spirit   .     (no helmet)
rElec  .         Dismiss  .     r - +1 cloak {rPois}
rCorr  +         Reflect  .     t - +0 pair of gloves
SustAt .         Harm     .     n - +0 pair of boots
MR     .....                    (no amulet)
Stlth  ++........               (no ring)
                                o - ring of resist corrosion

@: not resistant to hostile enchantments, unstealthy
A: no striking features
a: Channel Energy, Forget Spell, Renounce Religion

Inventory:

Hand Weapons
 a - a +0 flail of protection (weapon)
 b - a +3 quarterstaff of chaos
Armour
 n - a +0 pair of boots (worn)
 r - a +1 cloak of poison resistance (worn)
 s - a +0 robe (worn)
 t - a +0 pair of gloves (worn)
Jewellery
 o - a ring of resist corrosion (left hand)
Wands
 x - a wand of enslavement (13/24)
Scrolls
 e - a scroll of magic mapping
 h - a scroll of random uselessness {unknown}
 j - 2 scrolls of remove curse
 k - a scroll of teleportation
 l - 2 scrolls of enchant armour
 p - a scroll of amnesia
Potions
 d - 2 potions of haste
 f - a potion of agility
 i - 3 potions of lignification {unknown}
 m - 2 potions of curing
 q - 2 potions of flight {unknown}
 v - a potion of mutation {unknown}
 w - a potion of cancellation {unknown}
Comestibles
 c - 2 bread rations
 g - 3 meat rations
 u - 3 chunks of flesh


   Skills:
 - Level 2.4 Dodging
 - Level 2.4 Stealth
 * Level 10.2 Spellcasting
 * Level 8.8 Conjurations
 * Level 8.6 Fire Magic
 + Level 4.8 Invocations


You had 12 spell levels left.
You knew the following spells:

 Your Spells              Type           Power        Failure   Level  Hunger
a - Flame Tongue          Conj/Fire      #####        1%          1    None
b - Conjure Flame         Conj/Fire      ######..     1%          3    None
c - Sticky Flame          Conj/Fire      ######..     1%          4    #......
d - Fireball              Conj/Fire      ######....   4%          5    ####...
e - Inner Flame           Hex/Fire       ####....     2%          3    None


You were on level 9 of the Dungeon.
You worshipped Sif Muna.
Sif Muna was greatly pleased with you.
You were hungry.

You visited 2 branches of the dungeon, and saw 10 of its levels.

You collected 230 gold pieces.

... .. .. ........
... ... ... ....
..##.####
...<#####..P..... ..
..........)P.PPO. #.
#...§§§.O...... #.
#...§§§yhr.PP.. #.
#...P@§yPy....r #.
#.....§P#+##.P.
#.######...P...#
#..........)..%#
+.<........P...#
#.............PPP.P
#............P.P...
#...........PPP..PP.
#..........#.....P..

Notes
Turn   | Place    | Note
--------------------------------------------------------------
     0 | D:1      | ololoev the Deep Elf Fire Elementalist began the quest for the Orb.
     0 | D:1      | Reached XP level 1. HP: 10/10 MP: 6/6
   147 | D:2      | Reached XP level 2. HP: 14/15 MP: 3/8
   223 | D:2      | Reached XP level 3. HP: 17/19 MP: 1/10
   228 | D:2      | Learned a level 3 spell: Conjure Flame
   232 | D:2      | Learned a level 3 spell: Inner Flame
   281 | D:2      | Noticed Jessica
   302 | D:2      | Killed Jessica
   302 | D:2      | Reached skill level 4 in Spellcasting
   348 | D:3      | Noticed Sigmund
   371 | D:4      | Noticed Natasha
   376 | D:4      | Killed Natasha
   376 | D:4      | Reached XP level 4. HP: 13/24 MP: 1/12
   427 | D:5      | Entered Level 5 of the Dungeon
   479 | D:4      | Reached skill level 5 in Spellcasting
   479 | D:4      | Reached XP level 5. HP: 25/28 MP: 0/14
   868 | D:5      | Noticed a black bear
   889 | D:5      | Found a staircase to the Ecumenical Temple.
   895 | Temple   | Entered the Ecumenical Temple
   908 | Temple   | Became a worshipper of Sif Muna the Loreminder
  1040 | D:5      | Reached XP level 6. HP: 30/32 MP: 7/16
  1046 | D:5      | Learned a level 4 spell: Sticky Flame
  1052 | D:5      | Learned a level 5 spell: Fireball
  1145 | D:6      | Noticed Crazy Yiuf
  1152 | D:6      | Killed Crazy Yiuf
  1245 | D:6      | Reached skill level 6 in Spellcasting
  1245 | D:6      | Reached skill level 1 in Invocations
  1254 | D:6      | Reached skill level 5 in Fire Magic
  1392 | D:7      | Reached * piety under Sif Muna
  1392 | D:7      | Reached XP level 7. HP: 34/36 MP: 11/18
  1409 | D:7      | Reached skill level 5 in Conjurations
  1456 | D:7      | Noticed nubinia's ghost (novice TeCj)
  1465 | D:7      | Noticed Pikel
  1465 | D:7      | Noticed Menkaure
  1472 | D:7      | Killed Menkaure
  1472 | D:7      | Reached skill level 7 in Spellcasting
  1477 | D:7      | Found Pepasem's Food Shoppe.
  1549 | D:7      | Killed Pikel
  1583 | D:7      | Reached XP level 8. HP: 24/41 MP: 6/21
  1597 | D:7      | Reached ** piety under Sif Muna
  1609 | D:6      | Found a glowing silver altar of Zin.
  1609 | D:6      | Found a shimmering altar of Xom.
  1609 | D:6      | Noticed an angel
  1855 | D:7      | Killed nubinia's ghost
  1855 | D:7      | Reached skill level 8 in Spellcasting
  1956 | D:7      | Found Sonaugre's Weapon Shoppe.
  1984 | D:7      | Found Pag Hut's Weapon Emporium.
  2046 | D:7      | Found an oddly glowing altar of Pakellas.
  2160 | D:8      | Reached *** piety under Sif Muna
  2240 | D:8      | Reached skill level 9 in Spellcasting
  2240 | D:8      | Reached XP level 9. HP: 29/45 MP: 15/24
  2701 | D:9      | Reached **** piety under Sif Muna
  2817 | D:9      | Reached skill level 10 in Spellcasting
  2863 | D:9      | Engulfed by a cloud of flame

Dungeon Overview and Level Annotations

Branches:
Dungeon (9/15)             Temple (1/1) D:5
   Lair: D:8-11         Orc: D:9-12

Altars:
Ashenzari
Cheibriados
Dithmenos
Elyvilon
Gozag
Hepliaklqana
Nemelex Xobeh
Okawaru
Pakellas
Ru
Sif Muna
Trog
Uskayaw
Xom
Zin

Shops:
D:7 %((

Annotations:
D:3 Sigmund


Message History

The killer bee stings the plant but does no damage.
The wight hits the plant but does no damage.
The killer bee stings the fungus.
The howler monkey hits the plant but does no damage.
A killer bee comes into view.
A rat and a two-headed ogre come into view.
The killer bee buzzes angrily.
The howler monkey howls!
The killer bee stings the plant but does no damage.
The rat bites the fungus but does no damage.
The howler monkey hoots and howls with incredible vigour!
A killer bee comes into view.
The killer bee stings the plant but does no damage.
Something stings the plant.
The killer bee stings the fungus.
The howler monkey hits the plant but does no damage.
Casting: Fireball
Confirm with . or Enter, or press ? or * to list all spells.
Aiming: Conjure Flame
Press: ? - help, Dir - move target cursor The fire roars!
The killer bee buzzes angrily.
Casting: Conjure Flame
Confirm with . or Enter, or press ? or * to list all spells.
Aiming: Conjure Flame
Press: ? - help, Dir - move target cursor The fire roars!
The killer bee stings the fungus.
The fungus is poisoned.
The killer bee poisons the fungus!
The killer bee stings the fungus.
The howler monkey hits the plant.
Casting: Conjure Flame
Confirm with . or Enter, or press ? or * to list all spells.
Aiming: Inner Flame
Press: ? - help, Shift-Dir - straight line, f - howler monkey
Aim: a howler monkey (chance to defeat MR: 91%)
The howler monkey is filled with an inner flame.
The killer bee buzzes angrily.
The killer bee stings the fungus.
The killer bee stings the plant.
The killer bee stings the fungus!
The howler monkey hoots and howls with incredible vigour!
Casting: Inner Flame
Confirm with . or Enter, or press ? or * to list all spells.
Aiming: Fireball
Press: ? - help, Shift-Dir - straight line, f - wight, p - howler monkey
Aim: a wight, wielding an enchanted hand axe and wearing a robe The fireball explodes!
The fireball engulfs the wight.
The wight is severely damaged.
The fireball engulfs the plant.
You destroy the plant!
The fireball engulfs the river rat.
You kill the river rat!
The fireball engulfs the howler monkey.
The howler monkey is heavily wounded.
The fireball engulfs the fungus.
You destroy the fungus!
The killer bee stings the fungus.
The fungus is poisoned.
The killer bee poisons the fungus!
The killer bee stings the fungus.
Unknown command.
Unknown command.
Unknown command.
Use which ability? (? or * to list)
You channel some magical energy.
You feel somewhat more hungry.
The killer bee stings the fungus! x3; The killer bee stings the fungus.
The howler monkey hits the fungus.
The howler monkey completely misses you.
Unknown command.
Casting: Fireball
Confirm with . or Enter, or press ? or * to list all spells.
Aiming: Sticky Flame
Press: ? - help, Shift-Dir - straight line, f - howler monkey, p - wight
Aim: a howler monkey (heavily wounded, inner flame)
The sticky flame hits the howler monkey.
The howler monkey explodes!
The fiery explosion engulfs the fungus.
The fungus is almost destroyed.
The fiery explosion engulfs you!
Ouch! That really hurt!
The fiery explosion engulfs the wight.
You destroy the wight!
The fiery explosion engulfs the fungus.
You destroy the fungus!
You are engulfed in roaring flames.
You die...

You could see a two-headed ogre, a howler monkey, 3 killer bees and a rat.

Vanquished Creatures
  Pikel (D:7)
  The ghost of nubinia the Destroyer, a novice TeCj (D:7)
  A wyvern (D:8)
  A hippogriff (D:7)
  A hungry ghost (D:8)
  Menkaure (D:7)
  An orc warrior (D:8)
  2 slaves (D:7)
  2 necrophages
  2 ogres
  3 centaurs
  A crocodile (D:9)
  A big kobold (D:8)
  4 giant frogs
  3 scorpions
  4 killer bees
  2 wights (D:9)
  4 howler monkeys
  2 crimson imps (D:8)
  3 giant frog zombies
  2 hounds
  A centaur zombie (D:8)
  2 giant frog skeletons (D:7)
  A jelly (D:8)
  Crazy Yiuf (D:6)
  Jessica (D:2)
  Natasha (D:4)
  An iguana (D:7)
  2 worker ants
  8 orc wizards
  A killer bee zombie (D:8)
  A hound skeleton (D:6)
  A worker ant zombie (D:5)
  5 adders
  2 river rats (D:9)
  2 shadow imps
  2 adder skeletons
  A dart slug (D:4)
  3 giant geckos
  12 orcs
  6 giant cockroaches
  2 goblins
  3 hobgoblins
  6 jackals
  A quokka (D:8)
  6 bats
  A giant cockroach zombie (D:6)
  A giant gecko skeleton (D:7)
  A giant newt (D:6)
  A jackal skeleton (D:5)
  2 kobolds (D:2)
  7 rats
  3 fungi (D:9)
  A plant (D:9)
131 creatures vanquished.

Vanquished Creatures (collateral kills)
  A wight (D:9)
1 creature vanquished.

Vanquished Creatures (others)
  2 slaves (D:7)
  An ice beast (D:7)
  3 fulminant prisms (D:7)
  3 fungi (D:9)
  A plant (D:9)
10 creatures vanquished.

Grand Total: 142 creatures vanquished

Action                   |  1- 3 |  4- 6 |  7- 9 || total
-------------------------+-------+-------+-------++-------
Melee: Unarmed           |       |     2 |       ||     2
       Quarterstaff      |       |     7 |    16 ||    23
       Flail             |       |       |     2 ||     2
 Cast: Flame Tongue      |    36 |    43 |    61 ||   140
       Conjure Flame     |       |    10 |    18 ||    28
       Inner Flame       |       |     4 |    18 ||    22
       Sticky Flame      |       |     3 |    10 ||    13
       Fireball          |       |       |    35 ||    35
Invok: Channel Energy    |       |       |   123 ||   123
Evoke: Wand              |       |       |     1 ||     1
  Use: Scroll            |       |     9 |     3 ||    12
       Potion            |       |     1 |     2 ||     3
 Stab: Confused          |       |     1 |       ||     1
  Eat: Chunk             |       |     2 |    27 ||    29
       Fruit             |       |       |     2 ||     2
       Pizza             |       |       |     1 ||     1
Armor: Robe              |     1 |     6 |    13 ||    20
Dodge: Dodged            |    15 |    13 |    50 ||    78

Vault maps used:
D:1:      ncdulo_smallfort, hangedman_decor_diamond_cutter
D:2:      first_bread, uniq_jessica
D:3:      overflow_temple_1_default, ecumenical_altar_1, serial_bayou_pond_e,
          uniq_sigmund
D:4:      roderic_chinese_pattern_swastika, minmay_joined_circles, uniq_natasha
D:5:      temple_statues, grunt_ministairs_3
D:6:      grunt_temple_overflow_order_and_chaos_1, uniq_crazy_yiuf_cottage
D:7:      minmay_flawed_box, grunt_qazlal_sundering, serial_shops,
          kennysheep_mini_moat, shop, shop, basic_altar, uniq_pikel,
          uniq_menkaure
D:8:      minmay_opposing_rooms
D:9:      kennysheep_steamy, grunt_lair_entry_orc_guard_hut, hiddenorc2_lemuel,
          serial_undead, serial_undead_a, serial_undead_c, serial_undead_d,
          serial_undead_a
Temple:   grunt_circular_temple_18
